 Dungeon Crawl Stone Soup version 0.31-a0-986-g5e6e4ef867 (webtiles) character file.

Game seed: 13638107515736597482

6114 pokeman the Thaumaturge (level 10, -26/56 HPs)
             Began as a Deep Elf Hedge Wizard on Nov 23, 2023.
             Was a Believer of Vehumet.
             Annihilated by Fannar
             ... wielding a staff of cold
              (37 damage)
             ... on level 11 of the Dungeon on Nov 24, 2023.
             The game lasted 00:29:28 (11788 turns).

pokeman the Thaumaturge (Deep Elf Hedge Wizard)    Turns: 11788, Time: 00:29:28

Health: -26/56     AC: 15    Str:  7    XL:     10   Next: 58%
Magic:  27/30      EV: 12    Int: 30    God:    Vehumet [**....]
Gold:   226        SH:  5    Dex: 20    Spells: 22/37 levels left

rFire   + . .        U - +8 hand axe "Death Rattle" {freeze, rF+ rN+}
rCold   . . .        (no shield)
rNeg    + . .        H - +0 acid dragon scales
rPois   .            u - +0 helmet
rElec   .            h - +0 cloak
rCorr   +            e - +2 pair of gloves
SInv    .            g - +2 pair of boots
Will    +....        o - amulet of reflection
Stlth   ++           V - +6 ring of dexterity
HPRegen 0.29/turn    W - +6 ring of intelligence
MPRegen 0.22/turn

%: reflection
@: no status effects
A: no striking features
a: Renounce Religion


You were on level 11 of the Dungeon.
You worshipped Vehumet.
Vehumet was pleased with you.
You visited 2 branches of the dungeon, and saw 12 of its levels.

You collected 645 gold pieces.
You spent 419 gold pieces at shops.

Inventory:

Hand Weapons
 U - the +8 hand axe "Death Rattle" (weapon) {freeze, rF+ rN+}
   (You found it on level 10 of the Dungeon)

   rF+:       It protects you from fire.
   rN+:       It protects you from negative energy.
Missiles
 C - 3 throwing nets
 M - 3 curare-tipped darts
Armour
 e - a +2 pair of gloves (worn)
 g - a +2 pair of boots (worn)
 h - a +0 cloak (worn)
 u - a +0 helmet (worn)
 H - +0 acid dragon scales (worn)
 L - an orb of light
 R - a +0 buckler
Magical Staves
 Q - a staff of fire
Jewellery
 a - a ring of ice
 i - a ring of fire
 o - an amulet of reflection (around neck)
 V - a +6 ring of dexterity (left hand)
 W - a +6 ring of intelligence (right hand)
Wands
 p - a wand of roots (16)
 I - a wand of polymorph (8)
 O - a wand of digging (1)
Scrolls
 j - 8 scrolls of teleportation
 P - a scroll of revelation
Potions
 b - a potion of might
 c - 3 potions of enlightenment {unknown}
 d - 3 potions of magic
 f - 12 potions of curing
 l - 2 potions of cancellation {unknown}
 q - 4 potions of heal wounds
 v - 2 potions of brilliance {unknown}
 B - a potion of invisibility {unknown}
 K - a potion of attraction {unknown}
 S - 2 potions of resistance {unknown}


   Skills:
 - Level 4.0 Fighting
 - Level 4.1 Armour
 - Level 3.0 Dodging
 - Level 3.0 Stealth
 + Level 0.9 Shields
 * Level 14.3 Spellcasting
 + Level 8.2 Conjurations
 - Level 1.1 Summonings
 - Level 1.1 Translocations
 - Level 1.0 Transmutations
 + Level 4.6 Fire Magic
 - Level 2.0 Air Magic
 - Level 1.0 Poison Magic
 - Level 1.0 Evocations


You had 22 spell levels left.
You knew the following spells:

 Your Spells              Type           Power      Damage    Failure   Level
a - Magic Dart            Conj           100%       1d8       1%          1
b - Mephitic Cloud        Conj/Pois/Air  44%        N/A       2%          3
c - Call Imp              Summ           56%        N/A       3%          2
d - Blink                 Tloc           56%        N/A       3%          2
e - Iskenderun's Mystic   Conj/Tloc      49%        2d11      6%          4
f - Ignite Poison         Fire/Tmut/Pois 34%        N/A       4%          3

Your spell library contained the following spells:

 Spells                   Type           Power      Damage    Failure   Level
 Hailstorm                Conj/Ice       46%        3d11      2%          3
 Sticky Flame             Conj/Fire      57%        2d7       2%          4
 Volatile Blastmotes      Fire/Tloc      76%        2d16      3%          3
 Slow                     Hex            84%        N/A       4%          1
 Cigotuvi's Dreadful Rot  Necr/Pois/Air  54%        N/A       4%          2
 Wereblood                Tmut           27%        N/A       4%          2
 Sublimation of Blood     Necr           21%        N/A       6%          2
 Fulminant Prism          Conj/Hex       23%        3d12      8%          4
 Alistair's Intoxication  Tmut/Pois      18%        N/A       58%         5
 Borgnjor's Vile Clutch   Necr/Erth      10%        N/A       75%         5
 Eringya's Noxious Bog    Tmut/Pois      13%        4d6       99%         6
 Summon Hydra             Summ           14%        N/A       100%        7
 Ignition                 Fire           24%        3d8       100%        8


Dungeon Overview and Level Annotations

Branches:
Dungeon (11/15)            Temple (1/1) D:6             Orc (0/2) D:10
   Lair: D:8-11

Altars:
Ashenzari
Cheibriados
Dithmenos
Elyvilon
Fedhas
Gozag
Hepliaklqana
Kikubaaqudgha
Makhleb
Nemelex Xobeh
Okawaru
Qazlal
Ru
Sif Muna
Trog
Uskayaw
Vehumet
Wu Jian
Xom
Yredelemnul
Zin
The Shining One

Shops:
D:2 *   D:3 !   D:4 ?   D:6 =

Annotations:
D:11 Fannar


Message History

You start putting on your armour.
You continue putting on your +2 pair of gloves. x5
You finish putting on your +2 pair of gloves.
Unknown command.
You drop a +0 pair of gloves.
Found a stone staircase leading up.
Found a cloak.
Unknown command.
Unknown command.
There is a stone staircase leading up here.
You see here a +0 cloak.
h - a +0 cloak You start putting on your armour.
You continue putting on your +0 cloak. x4
You finish putting on your +0 cloak.
Fannar the Cold-Hearted comes into view.
They are wielding a staff of cold and wearing a +1 robe of cold resistance.
Fannar shouts!
Fannar mumbles some strange words.
Fannar drains the heat from the surrounding environment!
You start resting.
Fannar is nearby!
Casting: Ignite Poison (dangerous; 4% risk of failure)
Confirm with . or Enter, or press ? or * to list all spells.
Aiming: Mephitic Cloud (dangerous; 2% risk of failure)
Press: ? - help, Shift-Dir - straight line, f - Fannar
Aim: Fannar, wielding a staff of cold and wearing a +1 robe of cold resistance (chance to affect: 53%)
The ball explodes into a vile cloud!
The stinking cloud engulfs Fannar but does no damage.
You hear a bellow! x2
Fannar is engulfed in noxious fumes.
Fannar casts a spell at you. The bolt of cold hits you!!
Ouch! That really hurt!
* * * LOW HITPOINT WARNING * * *
Unknown command.
Unknown command.
Fannar is engulfed in noxious fumes.
Fannar gestures wildly while chanting.
Fannar drains the heat from the surrounding environment!
Ouch! That really hurt!
You die...

#.......>..##.#######.####
#.........................
########.####.############
#.#........# #.#........#
#######.#........#
#................#
#................#
#.......@##..#####
#.......☼##..####
####....☼e......#######
#...####............ #...
#.#.......### #...
#.#.......... #...
##.#.....##.. #...
..........# #...
..#......e......


You could see Fannar.

Vanquished Creatures
  Maggie (D:8)
  A troll (D:10)
  3 slime creatures (D:9)
  A shadow (D:11)
  A wraith (D:11)
  2 steam dragons
  4 yaks (D:10)
  Menkaure (D:7)
  2 acid dragons
  2 sky beasts
  2 black bears
  3 orc warriors
  3 centaurs
  A phantom (D:5)
  4 kobold brigands
  A bullfrog (D:8)
  2 gnoll sergeants
  2 scorpions
  4 wights (D:9)
  9 killer bees
  3 jellies
  10 orc priests
  5 hounds (D:5)
  A gnoll bouda (D:6)
  3 iguanas
  2 sleepcaps
  11 orc wizards
  Robin (D:4)
  20 gnolls
  11 adders
  3 shadow imps
  2 white imps (D:7)
  2 worms
  2 dart slugs
  35 orcs
  8 ball pythons
  3 endoplasms (D:3)
  5 giant cockroaches
  19 goblins
  8 hobgoblins
  2 jackals (D:2)
  26 kobolds
  2 quokkas
  6 bats
  3 frilled lizards
  6 rats
248 creatures vanquished.

Vanquished Creatures (collateral kills)
  An orc priest (D:3)
  An orc (D:3)
  A ball python (D:3)
  A goblin (D:4)
4 creatures vanquished.

Vanquished Creatures (others)
  A killer bee (D:9)
  An orc (D:9)
2 creatures vanquished.

Grand Total: 254 creatures vanquished

Notes
Turn   | Place    | Note
-------+----------+-------------------------------------------
     0 | D:1      | pokeman the Deep Elf Hedge Wizard began the quest for the
                  | Orb.
     0 | D:1      | Reached XP level 1. HP: 10/10 MP: 7/7
   399 | D:1      | Reached XP level 2. HP: 16/16 MP: 4/9
   762 | D:1      | Found a faded altar of an unknown god.
  1048 | D:1      | Reached skill level 5 in Spellcasting
  1189 | D:2      | Reached XP level 3. HP: 13/20 MP: 3/11
  1740 | D:2      | Reached skill level 1 in Fighting
  1899 | D:2      | Found Urusu's General Store.
  2036 | D:2      | Bought a scroll of identify for 24 gold pieces
  2036 | D:2      | Bought a scroll of identify for 24 gold pieces
  2229 | D:2      | Learned a level 3 spell: Mephitic Cloud
  2232 | D:2      | Learned a level 2 spell: Call Imp
  2235 | D:2      | Learned a level 2 spell: Blink
  2379 | D:3      | Reached skill level 1 in Armour
  2741 | D:3      | Reached XP level 4. HP: 25/25 MP: 4/13
  3055 | D:3      | Found an ornate altar of the Wu Jian Council.
  3055 | D:3      | Found a bloodstained altar of Trog.
  3163 | D:3      | Reached skill level 6 in Spellcasting
  3163 | D:3      | Reached XP level 5. HP: 29/29 MP: 4/15
  3494 | D:3      | Found Guwkorall's Distillery.
  3824 | D:4      | Found an opulent altar of Gozag.
  3846 | D:4      | Reached skill level 1 in Poison Magic
  3846 | D:4      | Reached skill level 1 in Evocations
  4227 | D:4      | Noticed Robin
  4243 | D:4      | Killed Robin
  4270 | D:4      | Reached skill level 1 in Air Magic
  4395 | D:4      | Found a hazy altar of Hepliaklqana.
  4520 | D:4      | Reached XP level 6. HP: 34/34 MP: 11/17
  4590 | D:4      | Found The Oracle's Delphic Readings.
  4833 | D:5      | Entered Level 5 of the Dungeon
  4840 | D:5      | Reached skill level 7 in Spellcasting
  4857 | D:5      | Reached XP level 7. HP: 38/39 MP: 8/20
  5193 | D:5      | Reached skill level 8 in Spellcasting
  5907 | D:6      | Reached skill level 9 in Spellcasting
  5961 | D:6      | Reached XP level 8. HP: 41/44 MP: 20/23
  6075 | D:6      | Reached skill level 5 in Conjurations
  6411 | D:6      | Found a white marble altar of Elyvilon.
  6433 | D:6      | Reached skill level 10 in Spellcasting
  6602 | D:6      | Found Soimes's Jewellery Emporium.
  6784 | D:6      | Found a staircase to the Ecumenical Temple.
  6902 | Temple   | Entered the Ecumenical Temple
  6910 | Temple   | Became a worshipper of Vehumet
  7539 | D:7      | Noticed Menkaure
  7549 | D:7      | Killed Menkaure
  7550 | D:7      | Reached skill level 11 in Spellcasting
  7757 | D:7      | Learned a level 4 spell: Iskenderun's Mystic Blast
  7767 | D:7      | Reached XP level 9. HP: 48/48 MP: 18/26
  8307 | D:8      | Noticed Maggie
  8334 | D:8      | Killed Maggie
  8425 | D:8      | Learned a level 3 spell: Ignite Poison
  8517 | D:8      | Reached skill level 12 in Spellcasting
  8600 | D:8      | Reached skill level 1 in Transmutations
  8604 | D:8      | Reached * piety under Vehumet
  8604 | D:8      | Offered knowledge of Shock by Vehumet.
  8605 | D:8      | Reached skill level 1 in Fire Magic
  9483 | D:9      | Offered knowledge of Scorch by Vehumet.
  9484 | D:9      | Reached ** piety under Vehumet
  9611 | D:9      | Reached skill level 13 in Spellcasting
  9634 | D:9      | Reached XP level 10. HP: 27/56 MP: 15/29
  9904 | D:10     | Entered Level 10 of the Dungeon
  9921 | D:10     | Found a staircase to the Orcish Mines.
 10435 | D:10     | Identified the +8 hand axe "Death Rattle" {freeze, rF+ rN+}
 10476 | D:10     | Offered knowledge of Hailstorm by Vehumet.
 10480 | D:10     | Reached skill level 14 in Spellcasting
 10547 | D:10     | Found a stormy altar of Qazlal.
 10987 | D:4      | Bought a scroll of identify for 26 gold pieces
 10987 | D:4      | Bought a scroll of teleportation for 39 gold pieces
 11044 | D:3      | Bought a potion of degeneration for 11 gold pieces
 11044 | D:3      | Bought a potion of curing for 33 gold pieces
 11044 | D:3      | Bought a potion of curing for 33 gold pieces
 11044 | D:3      | Bought 2 potions of curing for 66 gold pieces
 11044 | D:3      | Bought a potion of heal wounds for 55 gold pieces
 11085 | D:2      | Bought 2 scrolls of teleportation for 72 gold pieces
 11085 | D:2      | Bought a scroll of teleportation for 36 gold pieces
 11771 | D:11     | Noticed Fannar
 11788 | D:11     | Annihilated by Fannar

Illustrated notes

Levels and vault maps discovered:
D:1:      tarquinn_simple_flora_water_c, layout_basic,
          dreamdust_ecumenical_altar_hidden_monk_grotto
D:2:      layout_loops_corners, serial_shops, nicolae_shop_tiny_waterfront
D:3:      layout_loops_ring, nicolae_overflow_two_pavilions, serial_shops,
          nicolae_shop_waterfront
D:4:      layout_loops_ring, nicolae_gozag_cash_rules_everything_around_me,
          old_standard_altar, nicolae_nh_oracle_at_delphi, uniq_robin
D:5:      layout_rooms
D:6:      layout_basic, mainiacjoe_overflow_small_starburst,
          minmay_temple_entry_poolview, serial_shops, shop
D:7:      layout_gridville, nicolae_fountain_basement, uniq_menkaure
D:8:      layout_basic, uniq_maggie
D:9:      layout_cross
D:10:     layout_basic, nicolae_qazlal_scattered_showers, orc_0_dummy
D:11:     layout_basic, david_lair_generic, nicolae_straight_to_the_point,
          uniq_fannar
Temple:   compressed_dpeg_triangle_lava_temple

Skill      XL: |  1  2  3  4  5  6  7  8  9 10 |
---------------+-------------------------------+-----
Spellcasting   | 5 6 7 9 11 13 14 | 14.3
Fighting       | 1 2 3 4 |  4.0
Conjurations   | 2 3 4 6 7 8 |  8.2
Armour         | 1 2 3 4 |  4.1
Dodging        | 3 |  3.0
Stealth        | 3 |  3.0
Poison Magic   | 1 |  1.0
Evocations     | 1 |  1.0
Air Magic      | 1 2 |  2.0
Transmutations | 1 |  1.0
Fire Magic     | 3 4 |  4.6
Shields        | |  0.9
Summonings     | |  1.1
Translocations | |  1.1

Action                     |  1- 3 |  4- 6 |  7- 9 | 10-12 || total
---------------------------+-------+-------+-------+-------++-------
  Melee: Dagger            |     3 |    93 |   237 |    23 ||   356
         Punch             |       |     1 |     7 |       ||     8
         Hand axe          |       |       |       |    14 ||    14
   Cast: Magic Dart        |   128 |    94 |   149 |    15 ||   386
         Call Imp          |     2 |     3 |     1 |       ||     6
         Mephitic Cloud    |       |    12 |    45 |    18 ||    75
         Iskenderun's Myst |       |       |     5 |     3 ||     8
         Blink             |       |       |     1 |     1 ||     2
         Ignite Poison     |       |       |    12 |     9 ||    21
    Use: Scroll            |       |       |       |    11 ||    11
   Stab: Sleeping          |     1 |       |       |       ||     1
         Confused          |       |     8 |    24 |     2 ||    34
         Distracted        |       |       |     1 |       ||     1
 Armour: Robe              |    19 |    54 |    85 |       ||   158
         Steam dragon scal |       |       |    65 |    12 ||    77
         Acid dragon scale |       |       |       |    12 ||    12
  Dodge: Dodged            |    18 |    63 |   151 |    29 ||   261

Table legend: (Time is in decaauts)
 A = Elapsed time spent in this place.
 B = Non-inter-level travel time spent in this place.
 C = Inter-level travel time spent in this place.
 D = Time resting spent in this place.
 E = Time spent auto-exploring this place.
 F = Levels seen in this place.
 G = Mean time per level.
                   A        B        C        D        E       F      G
               +--------+--------+--------+--------+--------+-----+--------+
         Total |  11819 |  10905 |    914 |    198 |   8895 |  12 |  984.9 |
       Dungeon |  11751 |  10848 |    903 |    198 |   8895 |  11 | 1068.3 |
        Temple |     67 |     57 |     10 |      0 |      0 |   1 |   67.0 |
               +--------+--------+--------+--------+--------+-----+--------+

Top non-repeatable levels by time:
     D:6: 1646 daAuts
     D:3: 1445 daAuts
     D:2: 1311 daAuts
     D:1: 1177 daAuts
     D:8: 1114 daAuts
     D:4: 1099 daAuts
     D:7: 1075 daAuts
    D:10: 1002 daAuts
     D:5: 980 daAuts
     D:9: 538 daAuts
    D:11: 361 daAuts
  Temple: 67 daAuts
